Map: Ephemeron LE

Players

Seismic - Winner!

  • Race: Zerg Zerg
  • League: Gold
  • Spawn Location: 5:00

A.I. 1 (Very Easy)

  • Race: Zerg Zerg
  • Spawn Location: 11:00

VOD

Have the link to the VOD?

Description

Time

  • Played on: Dec. 30, 2019, 8:46 p.m.
  • Length: 11:08
Show
View Real Time Build Order
Export as new Build Order

Seismic Zerg - Winner!

Build Orders: Hatch First 

Get SALT Encoding   

  12  0:01  Drone  
  13  0:12  Overlord  
  13  0:17  Drone  
  14  0:31  Drone x2  
  14  0:34  Drone  
  17  0:55  Hatchery  
  17  0:56  Drone  
  17  0:59  Drone  
  18  1:13  Spawning Pool  
  18  1:15  Drone  
  18  1:19  Drone  
  19  1:28  Drone  
  19  1:32  Extractor  
  19  1:40  Drone  
  20  1:57  Overlord  
  20  2:03  Drone  
  20  2:06  Queen  
  20  2:07  Queen  
  25  2:08  Drone  
  25  2:15  Drone  
  27  2:18  Drone  
  27  2:22  Drone  
  29  2:28  Drone  
  30  2:32  Drone  
  31  2:39  Overlord  
  31  2:43  Drone  
  32  2:52  Drone  
  32  2:57  Drone  
  34  3:04  Lair  
  34  3:07  Queen  
  36  3:22  Drone x6  
  36  3:23  Drone x2  
  36  3:24  Overlord  
  36  3:25  Overlord  
  44  3:34  Roach Warren  
  43  3:39  Drone  
  43  3:40  Evolution Chamber  
  43  3:41  Drone  
  44  3:44  Overlord  
  44  4:05  Drone x4  
  44  4:06  Drone x2  
  44  4:07  Drone  
  51  4:14  Extractor  
  51  4:15  Extractor  
  49  4:19  Hatchery  
  48  4:26  Roach x3  
  48  4:27  Roach x6  
  66  5:08  Drone  
  66  5:09  Drone  
  66  5:10  Overlord x3  
  66  5:11  Overlord  
  68  5:22  Hatchery  
  67  5:38  Drone x4  
  67  5:39  Drone x3  
  74  5:53  Hydralisk Den  
  74  5:56  Evolution Chamber  
  72  5:58  Zerg Missile Weapons Level 1  
  72  6:09  Drone x7  
  72  6:10  Drone x8  
  87  6:18  Extractor  
  87  6:20  Extractor  
  85  6:30  Infestation Pit  
  84  6:32  Zerg Ground Armor Level 1  
  84  6:37  Hatchery  
  83  6:46  Drone  
  84  6:50  Grooved Spines  
  84  7:03  Drone x4  
  84  7:04  Drone x8  
  84  7:05  Drone x6  
  102  7:37  Extractor  
  102  7:39  Drone x3  
  102  7:40  Drone x4  
  102  7:43  Hydralisk x2  
  108  7:45  Overlord x3  
  108  7:46  Overlord  
  112  7:56  Extractor  
  111  8:00  Hatchery  
  111  8:02  Muscular Augments  
  110  8:07  Hydralisk x5  
  110  8:08  Hydralisk x8  
  110  8:09  Hydralisk x6  
  148  8:13  Overlord x3  
  148  8:19  Overlord  
  148  8:22  Overlord  
  148  8:23  Overlord x2  
  148  8:40  Hydralisk x4  
  148  8:41  Hydralisk x8  
  172  8:57  Hydralisk x4  
  172  8:58  Hydralisk x4  
  188  9:13  Hydralisk x2  
  188  9:14  Hydralisk x2  
  188  9:15  Hydralisk  
  198  9:19  Hydralisk  
Show
View Real Time Build Order
Export as new Build Order

A.I. 1 (Very Easy) Zerg 

Build Orders: Hatch First 

Get SALT Encoding   

  12  0:00  Drone  
  13  0:12  Overlord  
  13  0:16  Drone  
  14  0:43  Hatchery  
  14  0:45  Drone  
  14  1:04  Spawning Pool  
  14  1:06  Drone  
  14  1:10  Extractor  
  13  1:13  Drone  
  14  1:22  Overlord  
  14  1:51  Zergling x2  
  14  1:52  Queen  
  14  1:53  Zergling x2  
  18  2:01  Roach Warren  
  18  2:06  Drone  
  18  2:09  Extractor  
  18  2:13  Drone  
  18  2:17  Zergling x2  
  18  2:22  Drone  
  20  2:29  Drone  
  21  2:36  Drone  
  22  2:43  Drone  
  23  2:50  Drone  
  24  2:57  Drone  
  25  3:05  Drone, Roach  
  28  3:11  Overlord  
  28  3:15  Drone  
  29  3:22  Drone  
  30  3:28  Lair  
  30  3:30  Drone  
  31  3:41  Drone  
  32  3:48  Drone  
  32  3:53  Roach  
  35  3:56  Drone  
  35  3:59  Overlord  
  36  4:03  Drone  
  37  4:10  Drone  
  38  4:17  Drone  
  39  4:24  Drone  
  39  4:25  Overseer  
  39  4:27  Overseer  
  40  4:31  Drone  
  41  4:39  Drone  
  41  4:41  Ravager, Overlord, Roach  
  41  4:43  Extractor  
  44  4:46  Drone  
  45  4:53  Drone  
  45  4:59  Extractor  
  45  5:00  Drone  
  46  5:07  Drone  
  47  5:15  Drone  
  48  5:22  Drone  
  49  5:29  Drone  
  50  5:36  Drone  
  51  5:43  Drone  
  50  10:00  Zergling x2  
  50  10:01  Queen  
  50  10:06  Overseer, Overlord  
  43  10:20  Drone  
  38  10:28  Drone  
  29  10:29  Roach  
  29  10:35  Drone  
  28  10:44  Drone  
  28  10:46  Overseer  
Tags
 
League
Gold
Matchup
ZvZ
Race
Zerg
Spawn Locations
Cross Positions
Add a new tag
Caveats
  • Supply blocks, unpowered buildings, or Contaminate may cause inaccurate times.
  • Supply counts are checked every 10 seconds.